 Dungeon Crawl Stone Soup version 0.19-a0-414-g76fec5b (webtiles) character file.

3056 mistymad the Covert (level 9, -7/71 HPs)
             Began as a Vampire Enchanter on May 31, 2016.
             Was an Initiate of Ashenzari.
             Mangled by a black bear (9 damage)
             ... on level 7 of the Dungeon.
             The game lasted 00:33:56 (11989 turns).

mistymad the Covert (Vampire Enchanter)            Turns: 11989, Time: 00:33:56

Health: -7/71      AC:  4    Str:  7    XL:     9   Next: 57%
Magic:  7/16       EV: 16    Int: 17    God:    Ashenzari [......]
Gold:   419        SH:  0    Dex: 18    Spells: 6 memorised, 3 levels left

rFire  . . .     SeeInvis +     l - +1 dagger (vamp)
rCold  + . .     Gourm    .     b - +1 robe
rNeg   + + .     Faith    .     (no shield)
rPois  +         Spirit   .     k - +0 helmet
rElec  .         Dismiss  .     (no cloak)
rCorr  .         Reflect  .     (no gloves)
SustAt .         Harm     .     (no boots)
MR     .....                    (no amulet)
Stlth  +++++.....               (no ring)
                                (no ring)

@: regenerating slowly, not resistant to hostile enchantments, quite stealthy
A: fangs 3, see invisible, unbreathing
a: Bat Form, Curse Item, Renounce Religion


You were on level 7 of the Dungeon.
You worshipped Ashenzari.
Ashenzari was noncommittal.
You were very thirsty.

You visited 2 branches of the dungeon, and saw 8 of its levels.
You also visited: Ossuary.

You collected 419 gold pieces.

Inventory:

Hand Weapons
 l - a +1 vampiric dagger (weapon)
 n - a +2 dagger of venom
Missiles
 t - 6 throwing nets (quivered)
Armour
 b - a +1 robe (worn)
 k - a +0 helmet (worn)
Jewellery
 j - an uncursed ring of ice
 C - an uncursed ring of ice
Wands
 s - a wand of paralysis (7/24)
 H - a wand of polymorph (16/24)
Scrolls
 a - a scroll of identify
 e - 2 scrolls of recharging
 f - 14 scrolls of remove curse
 o - 6 scrolls of teleportation
 w - a scroll of random uselessness {unknown}
 x - 2 scrolls of blinking {unknown}
 y - a scroll of enchant armour {unknown}
 A - a scroll of fog {unknown}
 D - 2 scrolls of enchant weapon {unknown}
 G - a scroll of magic mapping {unknown}
 I - a scroll of holy word {unknown}
 J - a scroll of immolation {unknown}
 K - a scroll of amnesia {unknown}
Potions
 d - 4 potions of blood
 g - a potion of flight
 h - 2 potions of beneficial mutation {unknown}
 i - a potion of cure mutation
 p - 2 potions of curing
 r - 3 potions of mutation
 u - a potion of haste
 v - 3 potions of ambrosia
 B - 3 potions of agility
 E - a potion of brilliance
Books
 c - a book of Maledictions

   Spells                             Type                      Level
   a - Corona                         Hexes                        1
   b - Ensorcelled Hibernation        Hexes/Ice                    2
   c - Confuse                        Hexes                        3
   d - Tukima's Dance                 Hexes                        3
   e - Dazzling Spray                 Conjuration/Hexes            3
 q - a book of Frost

   Spells                             Type                      Level
   a - Freeze                         Ice                          1
   b - Throw Frost                    Conjuration/Ice              2
   c - Ozocubu's Armour               Charms/Ice                   3
   d - Throw Icicle                   Conjuration/Ice              4
   e - Summon Ice Beast               Ice/Summoning                4


   Skills:
 * Level 6.4 Fighting
 + Level 6.0 Short Blades
 + Level 5.4 Dodging
 + Level 9.3 Stealth
 + Level 5.0 Spellcasting
 + Level 8.2 Hexes
 + Level 0.0 Charms


You had 3 spell levels left.
You knew the following spells:

 Your Spells              Type           Power        Failure   Level  Hunger
a - Corona                Hex            ####...      1%          1    None
b - Ensorcelled Hibernat  Hex/Ice        ###...       4%          2    #......
c - Confuse               Hex            ####....     1%          3    ###....
d - Tukima's Dance        Hex            ####....     1%          3    ###....
e - Dazzling Spray        Conj/Hex       ###...       10%         3    ###....
f - Ozocubu's Armour      Chrm/Ice       #.......     47%         3    ###....


Dungeon Overview and Level Annotations

Branches:
Dungeon (7/15)             Temple (1/1) D:7

Altars:
Ashenzari
Dithmenos
Elyvilon
Fedhas
Gozag
Kikubaaqudgha
Makhleb
Okawaru
Qazlal
Sif Muna
Trog
Vehumet
Xom
Yredelemnul
The Shining One


Innate Abilities, Weirdness & Mutations

You heal slowly.
You have razor-sharp teeth.
You have supernaturally acute eyesight. (SInv)
You can survive without breathing.


Message History

Drink blood from an orc corpse? (ye/n/q/i?) There's nothing here to drain!
Okay, then.
Use e to drain blood from corpses.
The black bear rages.
There is an open door here.
The black bear completely misses you. The black bear misses you.
The black bear claws you.
* * * LOW HITPOINT WARNING * * *
You take 4 damage, and have 5/71 hp.
The black bear rages.
The black bear barely misses you. The black bear claws you.
* * * LOW HITPOINT WARNING * * *
The black bear claws you.
* * * LOW HITPOINT WARNING * * *
You take 5 damage, and have 1/71 hp.
You hit the black bear.
You feel better.
The black bear is almost dead.
The black bear bites you!
You die...

.# #.#.# #.#.##.# ###### #.#.##.#
#....# ....##.# #....# ....##.#
#....###### ....##.# #.........#
### ##
....##.#######.........####8###8#
...)..)..5.[)'.h@.>....'.........
...........###.........##...[....
.......P.P.# #....#######........
..).#.P..P.# #....# ###8##...
#'#)...>P..# ##'### ####...
#.#.....P..# #.# #⌠...
#.##...P.P.# #.# ####...
#.##.......# #.# ###8##...
#.##.......####.### #........


You could see a black bear (berserk) and a crimson imp.

Vanquished Creatures
  A spriggan (D:7)
  Duvessa (D:5)
  2 ice beasts
  2 orc warriors (D:7)
  3 sky beasts
  A phantom (D:6)
  3 ogres
  2 centaurs
  A gnoll sergeant (D:7)
  Dowan (D:5)
  A scorpion (D:5)
  5 wights (D:7)
  An electric eel (D:6)
  A howler monkey (D:5)
  2 crimson imps
  2 centaur zombies (Ossuary)
  A gnoll shaman (D:7)
  A giant frog skeleton (D:7)
  2 hounds
  4 orc priests
  6 orc wizards
  A centaur skeleton (D:4)
  Jessica (D:2)
  An iguana (D:4)
  4 worker ants
  3 big kobold zombies (Ossuary)
  5 mummies (Ossuary)
  Robin (D:2)
  A worker ant zombie (D:6)
  12 gnolls
  8 adders
  A shadow imp (D:5)
  2 oozes
  An adder zombie (D:7)
  An adder skeleton (D:7)
  3 worms
  A dart slug (D:1)
  4 giant geckos
  30 orcs
  7 bats
  3 giant cockroaches
  11 hobgoblins
  8 jackals
  3 quokkas
  3 ball pythons (D:2)
  A giant gecko skeleton (D:4)
  7 giant newts
  13 goblins
  12 kobolds
  7 rats
198 creatures vanquished.

Vanquished Creatures (collateral kills)
  An ogre (D:7)
1 creature vanquished.

Vanquished Creatures (others)
  4 plants
4 creatures vanquished.

Grand Total: 203 creatures vanquished

Notes
Turn   | Place    | Note
--------------------------------------------------------------
     0 | D:1      | mistymad the Vampire Enchanter began the quest for the Orb.
     0 | D:1      | Reached XP level 1. HP: 13/13 MP: 3/3
   153 | D:1      | Reached XP level 2. HP: 20/20 MP: 5/5
   172 | D:1      | Reached skill level 1 in Fighting
   469 | D:1      | Learned a level 2 spell: Ensorcelled Hibernation
   475 | D:1      | Reached XP level 3. HP: 26/26 MP: 6/6
   490 | D:1      | Learned a level 3 spell: Confuse
   940 | D:2      | Noticed Robin
  1244 | D:2      | Killed Robin
  1757 | D:2      | Reached XP level 4. HP: 33/33 MP: 3/7
  1823 | D:2      | Noticed Jessica
  1862 | D:2      | Killed Jessica
  2426 | D:2      | Reached skill level 5 in Stealth
  2478 | D:2      | Found a stormy altar of Qazlal.
  2763 | D:2      | Reached XP level 5. HP: 36/39 MP: 1/8
  3892 | D:3      | Reached skill level 5 in Hexes
  4206 | D:4      | Reached XP level 6. HP: 46/46 MP: 7/10
  4292 | D:4      | Found a deep blue altar of Sif Muna.
  4400 | D:4      | Learned a level 3 spell: Tukima's Dance
  4565 | D:4      | Found a sand-covered staircase.
  4570 | Ossuary  | Entered an ossuary
  4750 | Ossuary  | Reached skill level 6 in Stealth
  5404 | Ossuary  | Reached XP level 7. HP: 35/52 MP: 3/11
  6641 | D:4      | Learned a level 3 spell: Dazzling Spray
  6642 | D:5      | Entered Level 5 of the Dungeon
  6698 | D:5      | Noticed Duvessa
  6700 | D:5      | Noticed Dowan
  6718 | D:5      | Killed Duvessa
  6793 | D:5      | Found a shadowy altar of Dithmenos.
  6793 | D:5      | Found a stormy altar of Qazlal.
  6802 | D:5      | Reached skill level 7 in Stealth
  6814 | D:5      | Killed Dowan
  6821 | D:5      | Found a shimmering altar of Xom.
  6824 | D:5      | Found a white marble altar of Elyvilon.
  7059 | D:5      | Reached XP level 8. HP: 60/60 MP: 13/13
  7543 | D:5      | Found a glowing golden altar of the Shining One.
  7953 | D:5      | Reached skill level 5 in Fighting
  8858 | D:6      | Found a burning altar of Makhleb.
  9328 | D:7      | Reached skill level 5 in Short Blades
  9328 | D:7      | Reached skill level 8 in Stealth
 10244 | D:7      | Reached XP level 9. HP: 20/68 MP: 1/15
 10388 | D:7      | Reached skill level 5 in Dodging
 11041 | D:7      | Reached skill level 9 in Stealth
 11221 | D:7      | Found a staircase to the Ecumenical Temple.
 11269 | Temple   | Entered the Ecumenical Temple
 11453 | Temple   | Became a worshipper of Ashenzari the Shackled
 11743 | D:7      | Found a burning altar of Makhleb.
 11923 | D:7      | Reached skill level 5 in Spellcasting
 11928 | D:7      | Learned a level 3 spell: Ozocubu's Armour
 11988 | D:7      | HP: 3/71 [black bear (3)]
 11988 | D:7      | HP: 1/71 [black bear (2)]
 11989 | D:7      | Mangled by a black bear

Vault maps used:
D:1:      minmay_arrival_split_and_join
D:2:      first_bread, nicolae_qazlal_eye_of_the_storm, uniq_jessica, uniq_robin
D:4:      wad_lake_hut, tgw_sif, enter_ossuary_5
D:5:      mumra_celtic_spiral_tile, old_standard_altar,
          grunt_temple_overflow_cloverleaf, kennysheep_small_spiral,
          uniq_duvessa
D:6:      basic_altar, dk_vineyard_2, kennysheep_cross_room, water_maze_lemuel
D:7:      lemuel_coloured_pillars_altar, minmay_temple_entry_overgrown,
          serial_corexii_hall, corexii_hall_statues_i, corexii_hall_statues_x,
          corexii_hall_statues_deadend, corexii_hall_statues_s,
          corexii_hall_statues_x, corexii_hall_statues_u, the_bakery
Temple:   jpeg_temple_alley_garden_8
Ossuary:  ossuary_the_hunt_dpeg

Skill      XL: |  1  2  3  4  5  6  7  8  9 |
---------------+----------------------------+-----
Fighting       | 1 2 3 4 5 6 |  6.4
Short Blades   | 2 3 4 5 6 |  6.0
Stealth        | 5 6 7 8 9 |  9.3
Dodging        | 3 4 5 |  5.4
Hexes          | 5 6 7 8 |  8.2
Spellcasting   | 3 4 5 |  5.0

Action                   |  1- 3 |  4- 6 |  7- 9 || total
-------------------------+-------+-------+-------++-------
Melee: Dagger            |   145 |   283 |   403 ||   831
       Bite              |     8 |    22 |    44 ||    74
 Cast: Confuse           |     2 |    27 |    72 ||   101
       Corona            |     1 |       |       ||     1
       Ensorcelled Hiber |       |     8 |     5 ||    13
       Tukima's Dance    |       |       |     3 ||     3
 Abil: End Transformatio |       |       |     1 ||     1
       Bat Form          |       |       |     1 ||     1
Evoke: Wand              |       |     2 |     3 ||     5
  Use: Potion            |     1 |     6 |    21 ||    28
       Scroll            |       |       |     8 ||     8
 Stab: Sleeping          |    13 |    10 |    17 ||    40
       Confused          |     1 |     9 |    29 ||    39
       Held in net/web   |       |     4 |       ||     4
       Paralysed         |       |     2 |       ||     2
       Distracted        |       |     1 |       ||     1
Armor: Robe              |    21 |    57 |    45 ||   123
Dodge: Dodged            |    90 |   189 |   231 ||   510
